 Dungeon Crawl Stone Soup version 0.28.0 (webtiles) character file.

Game seed: 366450528753156939

553 AmazingTV the Covert (level 7, -2/34 (37) HPs)
             Began as a Spriggan Brigand on June 23, 2022.
             Was an Initiate of Okawaru.
             Slain by a wight (5 damage)
             ... on level 6 of the Dungeon.
             The game lasted 00:20:42 (7206 turns).

AmazingTV the Covert (Spriggan Brigand)             Turns: 7206, Time: 00:20:42

HP:   -2/34 (37)    AC:  3    Str:  9    XL:     7   Next: 8%
MP:   8/8           EV: 16    Int: 12    God:    Okawaru [......]
Gold: 309           SH:  0    Dex: 17    Spells: 6/6 levels left

rFire   . . .      SeeInvis +   a - +2 dagger
rCold   . . .      Faith    .   (no shield)
rNeg    . . .      Spirit   .   k - +0 robe
rPois   .          Reflect  .   (helmet restricted)
rElec   .          Harm     .   c - +0 cloak
rCorr   .          Rampage  .   (gloves unavailable)
Will    +....                   (boots unavailable)
Stlth   +++++.....              (no amulet)
HPRegen 0.11/turn               (no ring)
MPRegen 0.11/turn               (no ring)

@: drained, very quick
A: very small, no large weapons, unfitting armour, see invisible, speed 3
a: Renounce Religion


You were on level 6 of the Dungeon.
You worshipped Okawaru.
Okawaru was noncommittal.
You visited 2 branches of the dungeon, and saw 7 of its levels.

You collected 309 gold pieces.

Inventory:

Hand Weapons
 a - a +2 dagger (weapon)
 b - a +0 hunting sling
 t - a +0 rapier
Missiles
 d - 8 poisoned darts (quivered)
 e - 2 curare-tipped darts
 f - 49 arrows
 g - 6 boomerangs
 j - 138 stones
 l - 56 sling bullets
Armour
 c - a +0 cloak (worn)
 k - a +0 robe (worn)
Wands
 u - a wand of digging (4)
 x - a wand of mindburst (23)
 E - a wand of iceblast (10)
Scrolls
 m - 3 scrolls of identify {unknown}
 n - 2 scrolls of fog {unknown}
 r - 2 scrolls of enchant weapon {unknown}
 v - 2 scrolls of immolation {unknown}
 y - a scroll of blinking {unknown}
 A - a scroll of magic mapping {unknown}
 C - a scroll of amnesia {unknown}
 H - a scroll of vulnerability {unknown}
Potions
 h - 3 potions of ambrosia {unknown}
 i - 2 potions of resistance {unknown}
 o - a potion of attraction {unknown}
 p - 3 potions of curing {unknown}
 q - 3 potions of lignification {unknown}
 s - 2 potions of haste {unknown}
 w - a potion of brilliance {unknown}
 z - a potion of mutation {unknown}
 B - a potion of cancellation {unknown}
 D - 2 potions of might {unknown}
 F - a potion of heal wounds {unknown}
 G - a potion of degeneration {unknown}


   Skills:
 * Level 3.9 Fighting
 + Level 2.3 Short Blades
 + Level 2.1 Throwing
 - Level 1.3 Dodging
 - Level 11.0 Stealth


You had 6 spell levels left.
You didn't know any spells.
Your spell library contained the following spells:

 Spells                   Type           Power      Damage    Failure   Level
 Sting                    Tmut/Pois      0%         1d3       32%         1
 Poisonous Vapours        Pois/Air       0%         N/A       45%         2
 Dazzling Flash           Conj/Hex       0%         N/A       69%         3
 Olgreb's Toxic Radiance  Pois           0%         N/A       97%         4
 Agony                    Necr           0%         N/A       100%        5
 Silence                  Hex/Air        0%         N/A       100%        5
 Storm Form               Tmut/Air       0%         N/A       100%        7
 Maxwell's Capacitive Co  Air            0%         ∞         100%        8
 Summon Lightning Spire   Summ/Air       Unusable   N/A       N/A         4

Dungeon Overview and Level Annotations

Branches:
Dungeon (6/15)             Temple (1/1) D:5

Altars:
Ashenzari
Cheibriados
Dithmenos
Elyvilon
Fedhas
Gozag
Hepliaklqana
Kikubaaqudgha
Makhleb
Nemelex Xobeh
Okawaru
Qazlal
Ru
Sif Muna
Trog
Uskayaw
Vehumet
Xom
Yredelemnul
Zin
The Shining One

Annotations:
D:5 Menkaure, Prince Ribbit


Innate Abilities, Weirdness & Mutations

You are very small and have problems with some larger weapons.
You are too small for most types of armour.
You have supernaturally acute eyesight. (SInv)
You cover ground extremely quickly. (Speed+++)


Message History

The wight barely misses you.
You hit the wight but do no damage. Your punch misses the wight.
The wight closely misses you.
You throw a poisoned dart.
The poisoned dart barely misses the wight.
You throw a poisoned dart. The poisoned dart hits the wight.
You throw a poisoned dart.
The poisoned dart barely misses the wight.
You throw a poisoned dart. The poisoned dart hits the wight.
You throw a poisoned dart. The poisoned dart hits the wight.
b - a +0 hunting sling (weapon)
You shoot a stone. The stone barely misses the wight. x2
The stone hits the wight.
The wight is lightly damaged.
The wight completely misses you.
You shoot a stone. The stone closely misses the wight.
You shoot a stone.
The stone hits the wight but does no damage.
The wight hits you with a +0 falchion.
You feel drained.
You shoot a stone.
The stone hits the wight but does no damage.
Really attack while wielding your +0 hunting sling? [Y]es or [N]o only, please.
Really attack while wielding your +0 hunting sling? [Y]es or [N]o only, please.
Really attack while wielding your +0 hunting sling?
Okay, then.
a - a +2 dagger (weapon)
You hit the wight.
The wight is moderately damaged.
The wight hits you with a +0 falchion!
You hit the wight.
The wight is moderately damaged.
The wight hits you with a +0 falchion.
You feel drained.
You hit the wight but do no damage. Your punch misses the wight.
The wight is moderately damaged.
The wight hits you with a +0 falchion!
* * * LOW HITPOINT WARNING * * *
You feel drained.
You die...

#...<(#
#z#
#.#..
#.....#
..# #.#
#####(#
####
#.# #.#
#z# #z#
#z# #@#
#.# #.#
#.# #..
#.# ###


You could see 3 wights.

Vanquished Creatures
  2 ogres (D:5)
  A water moccasin skeleton (D:5)
  A howler monkey (D:5)
  2 jellies (D:4)
  A bullfrog zombie (D:4)
  A hound (D:5)
  A hound skeleton (D:4)
  A howler monkey skeleton (D:4)
  2 adders (D:3)
  4 gnolls (D:3)
  A shadow imp (D:6)
  A worm (D:3)
  4 dart slugs
  4 orcs (D:4)
  2 bats
  8 endoplasms
  A giant cockroach (D:3)
  4 goblins
  4 hobgoblins
  4 jackals (D:2)
  6 kobolds
  4 quokkas
  7 ball pythons
  3 frilled lizards
  2 rats
71 creatures vanquished.

Notes
Turn   | Place    | Note
-------+----------+-------------------------------------------
     0 | D:1      | AmazingTV the Spriggan Brigand began the quest for the Orb.
     0 | D:1      | Reached XP level 1. HP: 10/10 MP: 2/2
    18 | D:1      | Reached skill level 6 in Stealth
   220 | D:1      | Reached XP level 2. HP: 15/15 MP: 3/3
  1217 | D:2      | Reached skill level 7 in Stealth
  1251 | D:2      | Reached XP level 3. HP: 18/18 MP: 4/4
  1267 | D:2      | Found a glowing golden altar of the Shining One.
  1860 | D:2      | Found a faded altar of an unknown god.
  2186 | D:3      | Reached XP level 4. HP: 14/23 MP: 5/5
  2410 | D:3      | Reached skill level 8 in Stealth
  2439 | D:3      | Found a sparkling altar of Nemelex Xobeh.
  3785 | D:4      | Reached XP level 5. HP: 27/27 MP: 6/6
  3924 | D:4      | Reached skill level 9 in Stealth
  4526 | D:4      | Found a radiant altar of Vehumet.
  4526 | D:4      | Found a burning altar of Makhleb.
  5375 | D:5      | Entered Level 5 of the Dungeon
  5391 | D:5      | Reached XP level 6. HP: 27/32 MP: 7/7
  5441 | D:5      | Noticed an ice beast
  5471 | D:5      | Reached skill level 10 in Stealth
  5747 | D:5      | Noticed Menkaure
  5786 | D:5      | Found a staircase to the Ecumenical Temple.
  5796 | Temple   | Entered the Ecumenical Temple
  6024 | Temple   | Became a worshipper of Warmaster Okawaru
  6783 | D:5      | Found a hazy altar of Hepliaklqana.
  6793 | D:5      | Found an ancient bone altar of Kikubaaqudgha.
  6797 | D:5      | Found a stormy altar of Qazlal.
  6798 | D:5      | Found a white marble altar of Elyvilon.
  6854 | D:5      | Reached skill level 11 in Stealth
  6928 | D:5      | Noticed Prince Ribbit
  6933 | D:5      | Reached XP level 7. HP: 37/37 MP: 8/8
  7206 | D:6      | Slain by a wight

Illustrated notes

Levels and vault maps discovered:
D:1:      saegor_arrival_simple_a, layout_basic, minmay_pentomino_s4
D:2:      layout_basic, basic_altar, hellmonk_ecumenical_altar_lost_god,
          minmay_crystal_water
D:3:      layout_loops_corners, mainiacjoe_overflow_small_starburst
D:4:      layout_basic, grunt_temple_overflow_lords_of_destruction
D:5:      layout_cave_pods, minitemple, minmay_temple_entry_waves,
          uniq_menkaure, uniq_prince_ribbit1
D:6:      layout_basic, st_stairs_8, minmay_misc_feat_tower
Temple:   eino_temple_water

Skill      XL: |  1  2  3  4  5  6 |
---------------+-------------------+-----
Stealth        | 6 7 8 9 11 | 11.0
Fighting       | 2 3 |  3.9
Short Blades   | |  2.3
Throwing       | |  2.1
Dodging        | |  1.3

Action                   |  1- 3 |  4- 6 |  7- 9 || total
-------------------------+-------+-------+-------++-------
Melee: Dagger            |   108 |   175 |     7 ||   290
       Punch             |       |     1 |       ||     1
 Fire: Hunting sling     |    14 |    54 |     5 ||    73
Throw: Dart              |     8 |    49 |     5 ||    62
       Boomerang         |       |    18 |       ||    18
 Stab: Sleeping          |    13 |    11 |     1 ||    25
       Distracted        |     1 |       |       ||     1
Armor: Robe              |    15 |    25 |     2 ||    42
Dodge: Dodged            |    71 |   105 |     6 ||   182
